PCL
LANSING LUGNUTS @ GRESHAM GOLD SOULS
10/05/2025
 
TOP OF THE 1ST
Lansing Lugnuts batting - Pitching for Gresham Gold Souls : RHP David Green
Pitching: RHP David Green
Batting: RHB Billy Campbell 0-0: Ground out 4-3 (Groundball, 4)
Batting: RHB David Murray 0-0: Ball
1-0: Foul Ball, location: 2F
1-1: Ball
2-1: Foul Ball, location: 2F
2-2: Ground out 5-3 (Groundball, 5S)
Batting: LHB Sam Barnes 0-0: Foul Ball, location: 2F
0-1: Ball
1-1: Ball
2-1: Ground out 6-3 (Groundball, 6M)
Top of the 1st over - 0 run(s), 0 hit(s), 0 error(s), 0 left on base; Lansing 0 - Gresham 0
BOTTOM OF THE 1ST
Gresham Gold Souls batting - Pitching for Lansing Lugnuts : RHP Joo-hyun Chong
Pitching: RHP Joo-hyun Chong
Batting: RHB Kazushige Aoki 0-0: Ball
1-0: Ball
2-0: Called Strike
2-1: Ball
3-1: Foul Ball, location: 2F
3-2: Foul Ball, location: 2F
3-2: Base on Balls
Batting: RHB Alejandro Martínez 0-0: Ball
1-0: Ball
2-0: Ball
3-0: Called Strike
3-1: Grounds into double play, 5-4-3 (Groundball, 56)
Batting: RHB Arturo Rodríguez 0-0: Ball
1-0: Ball
2-0: Ball
3-0: Foul Ball, location: 2F
3-1: Foul Ball, location: 2F
3-2: Strikes out swinging
Bottom of the 1st over - 0 run(s), 0 hit(s), 0 error(s), 0 left on base; Lansing 0 - Gresham 0
TOP OF THE 2ND
Lansing Lugnuts batting - Pitching for Gresham Gold Souls : RHP David Green
Batting: LHB Tom Mullins 0-0: Ball
1-0: Called Strike
1-1: Ball
2-1: DOUBLE (Line Drive, 78D)
Batting: RHB Lu-fang Huie 0-0: Called Strike
0-1: Ball
1-1: Swinging Strike
1-2: Foul Ball, location: 2F
1-2: Strikes out swinging
Batting: LHB Ricardo Romero 0-0: Ball
1-0: SINGLE (Line Drive, 89M)
Tom Mullins to third
Batting: RHB Tony Reyes 0-0: SINGLE (Line Drive, 78S)
Tom Mullins scores
Ricardo Romero to second
Batting: RHB Félix García 0-0: Foul Ball, location: 2F
0-1: Fly out, F6 (Line Drive, 6)
0-1: Lined into DP, 6-4 (Line Drive, 6)
Top of the 2nd over - 1 run(s), 3 hit(s), 0 error(s), 1 left on base; Lansing 1 - Gresham 0
BOTTOM OF THE 2ND
Gresham Gold Souls batting - Pitching for Lansing Lugnuts : RHP Joo-hyun Chong
Batting: RHB Lorenzo Morín 0-0: Called Strike
0-1: Ball
1-1: Ball
2-1: Foul Ball, location: 2F
2-2: Foul Ball, location: 2F
2-2: Foul Ball, location: 2F
2-2: Strikes out swinging
Batting: LHB Bill Smith 0-0: Ball
1-0: Ball
2-0: Ball
3-0: Foul Ball, location: 2F
3-1: Base on Balls
Batting: SHB Todd Smith 0-0: Ball
1-0: Called Strike
1-1: Grounds out, U3 (Groundball, 3L)
Batting: RHB Juan Acuña 0-0: Swinging Strike
0-1: Swinging Strike
0-2: Strikes out swinging
Bottom of the 2nd over - 0 run(s), 0 hit(s), 0 error(s), 1 left on base; Lansing 1 - Gresham 0
TOP OF THE 3RD
Lansing Lugnuts batting - Pitching for Gresham Gold Souls : RHP David Green
Batting: RHB Ken Fingers 0-0: Ground out 6-3 (Groundball, 6M)
Batting: RHB Billy Campbell 0-0: Called Strike
0-1: Called Strike
0-2: Ball
1-2: Ball
2-2: Ball
3-2: Base on Balls
Batting: RHB David Murray 0-0: Ball
Wild Pitch!
Billy Campbell to second
1-0: Called Strike
1-1: Foul Ball, location: 2F
1-2: Ground out 5-3 (Groundball, 5)
Batting: LHB Sam Barnes 0-0: Ball
1-0: Swinging Strike
1-1: Swinging Strike
1-2: Ball
2-2: Foul Ball, location: 2F
2-2: Strikes out swinging
Top of the 3rd over - 0 run(s), 0 hit(s), 0 error(s), 1 left on base; Lansing 1 - Gresham 0
BOTTOM OF THE 3RD
Gresham Gold Souls batting - Pitching for Lansing Lugnuts : RHP Joo-hyun Chong
Batting: RHB Pablo Castillo 0-0: Ball
1-0: Foul Ball, location: 2F
1-1: Ball
2-1: Ball
3-1: Base on Balls
Batting: RHB Steve Field 0-0: Ball
1-0: Ball
2-0: Foul Ball, location: 2F
2-1: Foul Ball, location: 2F
2-2: Ball
3-2: Base on Balls
Pablo Castillo to second
Batting: RHB Kazushige Aoki 0-0: Ball
1-0: Ball
2-0: Ball
3-0: Called Strike
3-1: Called Strike
3-2: Fly out, F9 (Flyball, 9D)
Runner from 2nd tags up, SAFE at 3rd, no throw
Batting: RHB Alejandro Martínez 0-0: Called Strike
0-1: Called Strike
0-2: Strikes out swinging
Batting: RHB Arturo Rodríguez 0-0: Foul Ball, location: 2F
0-1: Ball
1-1: Ball
2-1: Foul Ball, location: 2F
2-2: Foul Ball, location: 2F
2-2: Strikes out swinging
Bottom of the 3rd over - 0 run(s), 0 hit(s), 0 error(s), 2 left on base; Lansing 1 - Gresham 0
TOP OF THE 4TH
Lansing Lugnuts batting - Pitching for Gresham Gold Souls : RHP David Green
Batting: LHB Tom Mullins 0-0: Ball
1-0: Fly out, F7 (Flyball, 78S)
Batting: RHB Lu-fang Huie 0-0: Foul Ball, location: 2F
0-1: Swinging Strike
0-2: Ball
1-2: Ball
2-2: Strikes out swinging
Batting: LHB Ricardo Romero 0-0: Ball
1-0: Swinging Strike
1-1: Ball
2-1: Foul Ball, location: 2F
2-2: Foul Ball, location: 2F
2-2: Strikes out swinging
Top of the 4th over - 0 run(s), 0 hit(s), 0 error(s), 0 left on base; Lansing 1 - Gresham 0
BOTTOM OF THE 4TH
Gresham Gold Souls batting - Pitching for Lansing Lugnuts : RHP Joo-hyun Chong
Batting: RHB Lorenzo Morín 0-0: Ball
1-0: Ground out 6-3 (Groundball, 6M)
Batting: LHB Bill Smith 0-0: Ball
1-0: Ball
2-0: Called Strike
2-1: Called Strike
2-2: Foul Ball, location: 2F
2-2: Strikes out swinging
Batting: SHB Todd Smith 0-0: Swinging Strike
0-1: Ball
1-1: Ball
2-1: Fly out, F8 (Flyball, 8LD)
Bottom of the 4th over - 0 run(s), 0 hit(s), 0 error(s), 0 left on base; Lansing 1 - Gresham 0
TOP OF THE 5TH
Lansing Lugnuts batting - Pitching for Gresham Gold Souls : RHP David Green
Batting: RHB Tony Reyes 0-0: SINGLE (Flyball, 7S)
Batting: RHB Félix García 0-0: Foul Ball, location: 2F
0-1: Called Strike
0-2: Fly out, F8 (Flyball, 8LXD)
Batting: RHB Ken Fingers 0-0: Ball
1-0: Fly out, F9 (Flyball, 9S)
Batting: RHB Billy Campbell 0-0: Ball
1-0: Ground out 6-3 (Groundball, 6)
Top of the 5th over - 0 run(s), 1 hit(s), 0 error(s), 1 left on base; Lansing 1 - Gresham 0
BOTTOM OF THE 5TH
Gresham Gold Souls batting - Pitching for Lansing Lugnuts : RHP Joo-hyun Chong
Batting: RHB Juan Acuña 0-0: Called Strike
0-1: Foul Ball, location: 2F
0-2: Fly out, F8 (Flyball, 8LM)
Batting: RHB Pablo Castillo 0-0: Ball
1-0: Ground out 1-3 (Groundball, 13S)
Batting: RHB Steve Field 0-0: Foul Ball, location: 2F
0-1: Called Strike
0-2: Fly out, F6 (Popup, 56D)
Bottom of the 5th over - 0 run(s), 0 hit(s), 0 error(s), 0 left on base; Lansing 1 - Gresham 0
TOP OF THE 6TH
Lansing Lugnuts batting - Pitching for Gresham Gold Souls : RHP David Green
Batting: RHB David Murray 0-0: Ball
1-0: Foul Ball, location: 2F
1-1: Called Strike
1-2: Ball
2-2: Ground out 4-3 (Groundball, 4)
Batting: LHB Sam Barnes 0-0: SINGLE (Groundball, 4M)
Batting: LHB Tom Mullins 0-0: Ball
1-0: Ball
2-0: Swinging Strike
2-1: Ball
3-1: Base on Balls
Sam Barnes to second
Batting: RHB Lu-fang Huie 0-0: Ball
1-0: Called Strike
1-1: 3-RUN HOME RUN (Line Drive, 78XD), Distance : 407 ft
Batting: LHB Ricardo Romero 0-0: Swinging Strike
0-1: Ball
1-1: Ball
2-1: Ball
3-1: Ground out 6-3 (Groundball, 6)
Batting: RHB Tony Reyes 0-0: Called Strike
0-1: Foul Ball, location: 2F
0-2: Fly out, F8 (Flyball, 8LM)
Top of the 6th over - 3 run(s), 2 hit(s), 0 error(s), 0 left on base; Lansing 4 - Gresham 0
BOTTOM OF THE 6TH
Gresham Gold Souls batting - Pitching for Lansing Lugnuts : RHP Joo-hyun Chong
Batting: RHB Kazushige Aoki 0-0: Called Strike
0-1: Ball
1-1: Ball
2-1: Foul Ball, location: 2F
2-2: Fly out, F9 (Flyball, 9M)
Batting: RHB Alejandro Martínez 0-0: Ball
1-0: SINGLE (Line Drive, 8RS)
Pitching: RHP Kosami Tagawa
Batting: RHB Arturo Rodríguez 0-0: Ball
1-0: Reached on error, E1 (Groundball, 15)
Alejandro Martínez to second
Batting: RHB Lorenzo Morín 0-0: Ball
1-0: Called Strike
Alejandro Martínez steals 3rd base
Arturo Rodríguez to second
1-1: Fly out, F4 (Flyball, 4MD)
Batting: LHB Bill Smith 0-0: Called Strike
0-1: Foul Ball, location: 2F
0-2: Fly out, F7 (Popup, 78S)
Bottom of the 6th over - 0 run(s), 1 hit(s), 1 error(s), 2 left on base; Lansing 4 - Gresham 0
TOP OF THE 7TH
Lansing Lugnuts batting - Pitching for Gresham Gold Souls : RHP David Green
Batting: RHB Félix García 0-0: Ball
1-0: Foul Ball, location: 2F
1-1: Ball
2-1: DOUBLE (Flyball, 8LXD)
Batting: RHB Ken Fingers 0-0: Ball
1-0: DOUBLE (Groundball, 5L)
Félix García scores
Batting: RHB Billy Campbell 0-0: Swinging Strike
0-1: Hit by Pitch
Batting: RHB David Murray 0-0: Called Strike
0-1: Ball
1-1: Called Strike
1-2: Foul Ball, location: 2F
1-2: Ball
2-2: Ball
3-2: Foul Ball, location: 2F
3-2: Base on Balls
Ken Fingers to third
Billy Campbell to second
Pitching: RHP Arturo Martínez
Batting: LHB Sam Barnes 0-0: Swinging Strike
0-1: Foul Ball, location: 2F
0-2: Strikes out swinging
Batting: LHB Tom Mullins 0-0: Ball
1-0: Foul Ball, location: 2F
1-1: Swinging Strike
1-2: Strikes out looking
Batting: RHB Lu-fang Huie 0-0: Ball
1-0: Fly out, F3 (Popup, 3F)
Top of the 7th over - 1 run(s), 2 hit(s), 0 error(s), 3 left on base; Lansing 5 - Gresham 0
BOTTOM OF THE 7TH
Gresham Gold Souls batting - Pitching for Lansing Lugnuts : RHP Kosami Tagawa
Batting: SHB Todd Smith 0-0: Called Strike
0-1: Ball
1-1: Called Strike
1-2: Fly out, F7 (Flyball, 7LM)
Batting: RHB Juan Acuña 0-0: Ball
1-0: Called Strike
1-1: Fly out, F9 (Flyball, 89D)
Batting: RHB Pablo Castillo 0-0: Called Strike
0-1: Ball
1-1: Fly out, F3 (Popup, 23)
Bottom of the 7th over - 0 run(s), 0 hit(s), 0 error(s), 0 left on base; Lansing 5 - Gresham 0
TOP OF THE 8TH
Lansing Lugnuts batting - Pitching for Gresham Gold Souls : RHP Arturo Martínez
Batting: LHB Ricardo Romero 0-0: Foul Ball, location: 2F
0-1: Called Strike
0-2: Ball
1-2: Ball
2-2: Foul Ball, location: 2F
2-2: SOLO HOME RUN (Flyball, 9LD), Distance : 351 ft
Batting: RHB Tony Reyes 0-0: Called Strike
0-1: Called Strike
0-2: Ground out 6-3 (Groundball, 6)
Batting: RHB Félix García 0-0: Ball
1-0: Called Strike
1-1: SINGLE (Line Drive, 4MD)
Batting: RHB Ken Fingers 0-0: Called Strike
0-1: Foul Ball, location: 2F
0-2: Strikes out swinging
Batting: RHB Billy Campbell 0-0: Called Strike
0-1: SINGLE (Groundball, 4M)
Félix García to second
Runner from 2nd tries for 3rd, SAFE, no throw or cutoff
Batting: RHB David Murray 0-0: Ball
1-0: Ball
2-0: Called Strike
2-1: Ball
3-1: Foul Ball, location: 2F
3-2: Base on Balls
Billy Campbell to second
Batting: LHB Sam Barnes 0-0: Called Strike
0-1: Foul Ball, location: 2F
0-2: Ball
1-2: Foul Ball, location: 2F
1-2: Ball
2-2: Ball
Wild Pitch!
Félix García scores
Billy Campbell to third
David Murray to second
3-2: SINGLE (Flyball, 89M)
Billy Campbell scores
David Murray to third
David Murray scores
Pitching: RHP Carlos Hendrix
Batting: LHB Tom Mullins 0-0: Called Strike
0-1: Ball
1-1: DOUBLE (Line Drive, 9LM)
Sam Barnes to third
Runner from 3rd tries for Home, SAFE, no throw or cutoff
Batting: RHB Lu-fang Huie 0-0: Ball
1-0: Called Strike
1-1: Swinging Strike
1-2: Ball
2-2: Ball
3-2: Strikes out swinging
Top of the 8th over - 5 run(s), 5 hit(s), 0 error(s), 1 left on base; Lansing 10 - Gresham 0
BOTTOM OF THE 8TH
Gresham Gold Souls batting - Pitching for Lansing Lugnuts : RHP Kosami Tagawa
Now at 1B: Júlio Caraballo
Now in LF: Taki Chikafuji
Batting: RHB Steve Field 0-0: Called Strike
0-1: Foul Ball, location: 2F
0-2: Foul Ball, location: 2F
0-2: Ball
1-2: Ball
2-2: Foul Ball, location: 2F
2-2: Strikes out swinging
Pitching: RHP Dae-hee Ch'oe
Batting: RHB Kazushige Aoki 0-0: Ball
1-0: Fly out, F4 (Popup, 34)
Batting: RHB Alejandro Martínez 0-0: Ball
1-0: Called Strike
1-1: Foul Ball, location: 2F
1-2: Ball
2-2: Foul Ball, location: 2F
2-2: Foul Ball, location: 2F
2-2: Strikes out swinging
Bottom of the 8th over - 0 run(s), 0 hit(s), 0 error(s), 0 left on base; Lansing 10 - Gresham 0
TOP OF THE 9TH
Lansing Lugnuts batting - Pitching for Gresham Gold Souls : RHP Carlos Hendrix
Batting: LHB Ricardo Romero 0-0: Foul Ball, location: 2F
0-1: Ball
1-1: Ball
2-1: SOLO HOME RUN (Flyball, 89XD), Distance : 462 ft
Batting: RHB Tony Reyes 0-0: Ball
1-0: SINGLE (Line Drive, 4D)
Batting: RHB Félix García 0-0: Ball
1-0: Called Strike
1-1: SINGLE (Flyball, 8LS)
Tony Reyes to second
Batting: RHB Ken Fingers 0-0: Ball
1-0: Called Strike
1-1: Grounds into double play, U6-3 (Groundball, 6M)
Tony Reyes to third
Batting: RHB Billy Campbell 0-0: Ball
1-0: SINGLE (Groundball, 6D)
Tony Reyes scores
Batting: RHB David Murray 0-0: Ball
1-0: Ground out 5-3 (Groundball, 5)
Top of the 9th over - 2 run(s), 4 hit(s), 0 error(s), 1 left on base; Lansing 12 - Gresham 0
BOTTOM OF THE 9TH
Gresham Gold Souls batting - Pitching for Lansing Lugnuts : RHP Dae-hee Ch'oe
Now at C: Douglas Davis
Now at SS: Kun Liu
Batting: RHB Arturo Rodríguez 0-0: Swinging Strike
0-1: Fly out, F7 (Flyball, 7LD)
Batting: RHB Lorenzo Morín 0-0: Ball
1-0: Called Strike
1-1: Ball
2-1: Foul Ball, location: 2F
2-2: Fly out, F9 (Flyball, 9D)
Batting: LHB Bill Smith 0-0: Called Strike
0-1: Foul Ball, location: 2F
0-2: Ball
1-2: Foul Ball, location: 2F
1-2: Foul Ball, location: 2F
1-2: Strikes out swinging
Bottom of the 9th over - 0 run(s), 0 hit(s), 0 error(s), 0 left on base; Lansing 12 - Gresham 0
This league is powered by Out of the Park Baseball, the baseball management simulation game for PC, Mac and Linux
Tuesday, August 2nd, 2016 - OOTP Baseball 16.8 Build 38